TOP OF THE 1ST |
Texas Rangers batting - Pitching for Los Angeles Angels : RHP Kyle Hendricks
|
Pitching: RHP Kyle Hendricks
|
|
Batting: LHB Ender Inciarte
|
0-0: Ball 1-0: Swinging Strike 1-1: Swinging Strike 1-2: Strikes out swinging
|
Batting: SHB Cesar Hernandez
|
0-0: Called Strike 0-1: Ball 1-1: Ground out 4-3 (Groundball, 34D, EV 109.4 MPH)
|
Batting: LHB Bryce Harper
|
0-0: Foul Ball, location: 2F 0-1: Swinging Strike 0-2: Ball 1-2: Ball 2-2: Ball 3-2: Fly out, F8 (Line Drive, 8LD, EV 91.3 MPH)
|
Top of the 1st over - 0 runs, 0 hits, 0 errors, 0 left on base; Texas 0 - Los Angeles 0 |
BOTTOM OF THE 1ST |
Los Angeles Angels batting - Pitching for Texas Rangers : LHP Jose Quintana
|
Pitching: LHP Jose Quintana
|
|
Batting: RHB Wil Myers
|
0-0: Ground out 6-3 (Groundball, 6, EV 83.8 MPH)
|
Batting: LHB Nick Markakis
|
0-0: Ball 1-0: Called Strike 1-1: Foul Ball, location: 2F 1-2: Ball 2-2: Ball 3-2: Foul Ball, location: 2F 3-2: Fly out, F7 (Flyball, 7, EV 76.9 MPH)
|
Batting: RHB Wilmer Flores
|
0-0: Ground out 2-3 (Groundball, 13S, EV 66.9 MPH)
|
Bottom of the 1st over - 0 runs, 0 hits, 0 errors, 0 left on base; Texas 0 - Los Angeles 0 |
TOP OF THE 2ND |
Texas Rangers batting - Pitching for Los Angeles Angels : RHP Kyle Hendricks
|
Batting: LHB Eric Thames
|
0-0: Foul Ball, location: 2F 0-1: Swinging Strike 0-2: Strikes out swinging
|
Batting: LHB Joc Pederson
|
0-0: Ground out U3 (Groundball, 34, EV 98.8 MPH)
|
Batting: RHB Andrelton Simmons
|
0-0: Called Strike 0-1: Ball 1-1: Fly out, F7 (Line Drive, 7, EV 85.0 MPH)
|
Top of the 2nd over - 0 runs, 0 hits, 0 errors, 0 left on base; Texas 0 - Los Angeles 0 |
BOTTOM OF THE 2ND |
Los Angeles Angels batting - Pitching for Texas Rangers : LHP Jose Quintana
|
Batting: RHB Trevor Story
|
0-0: Ball 1-0: Ball 2-0: Called Strike 2-1: Foul Ball, location: 2F 2-2: Foul Ball, location: 2F 2-2: Ball 3-2: SINGLE (Line Drive, 78S, EV 95.0 MPH)
|
Batting: RHB Evan Longoria
|
0-0: Reached on error, E5 (Groundball, 5, EV 81.3 MPH) Trevor Story to second
|
Batting: LHB Joey Wendle
|
0-0: DOUBLE (Line Drive, 5D, EV 111.3 MPH) Trevor Story scores Evan Longoria to third
|
Batting: RHB Zack Cozart
|
0-0: Ball 1-0: Swinging Strike 1-1: Ground out 6-3 (Groundball, 6, EV 90.0 MPH) Evan Longoria scores Joey Wendle to third
|
Batting: LHB Kevin Kiermaier
|
0-0: Ball 1-0: Ball 2-0: Called Strike 2-1: Called Strike 2-2: Ground out 4-3 (Groundball, 4, EV 83.1 MPH) Joey Wendle scores
|
Batting: RHB Mike Zunino
|
0-0: Swinging Strike 0-1: Fly out, F4 (Flyball, 4D, EV 81.3 MPH)
|
Bottom of the 2nd over - 3 runs, 2 hits, 1 error, 0 left on base; Texas 0 - Los Angeles 3 |
TOP OF THE 3RD |
Texas Rangers batting - Pitching for Los Angeles Angels : RHP Kyle Hendricks
|
Batting: LHB Max Muncy
|
0-0: Ball 1-0: Called Strike 1-1: Called Strike 1-2: Ball 2-2: Fly out, F9 (Flyball, 9S, EV 92.5 MPH)
|
Batting: RHB Wilson Ramos
|
0-0: Called Strike 0-1: Foul Ball, location: 2F 0-2: Strikes out swinging
|
Batting: LHB Luis Guillorme
|
0-0: Ball 1-0: Foul Ball, location: 2F 1-1: Ground out 5-3 (Groundball, 56, EV 86.9 MPH)
|
Top of the 3rd over - 0 runs, 0 hits, 0 errors, 0 left on base; Texas 0 - Los Angeles 3 |
BOTTOM OF THE 3RD |
Los Angeles Angels batting - Pitching for Texas Rangers : LHP Jose Quintana
|
Batting: RHB Wil Myers
|
0-0: Called Strike 0-1: Ball 1-1: Ground out 1-3 (Groundball, 13, EV 86.3 MPH)
|
Batting: LHB Nick Markakis
|
0-0: Fly out, F9 (Line Drive, 9, EV 93.1 MPH)
|
Batting: RHB Wilmer Flores
|
0-0: Called Strike 0-1: Fly out, F7 (Flyball, 78D, EV 109.4 MPH)
|
Bottom of the 3rd over - 0 runs, 0 hits, 0 errors, 0 left on base; Texas 0 - Los Angeles 3 |
TOP OF THE 4TH |
Texas Rangers batting - Pitching for Los Angeles Angels : RHP Kyle Hendricks
|
Batting: LHB Ender Inciarte
|
0-0: Called Strike 0-1: SINGLE (Line Drive, 56, EV 96.9 MPH)
|
Batting: SHB Cesar Hernandez
|
0-0: Called Strike 0-1: Foul Ball, location: 2F 0-2: Ball 1-2: Ball 2-2: Foul Ball, location: 2F 2-2: SINGLE (Groundball, 56D, EV 101.9 MPH) Ender Inciarte to second
|
Batting: LHB Bryce Harper
|
0-0: Ball 1-0: Called Strike 1-1: DOUBLE (Line Drive, 7LM, EV 108.8 MPH) Ender Inciarte scores Cesar Hernandez to third
|
Batting: LHB Eric Thames
|
0-0: Called Strike 0-1: Ball 1-1: Called Strike 1-2: Strikes out looking
|
Batting: LHB Joc Pederson
|
0-0: Foul Ball, location: 2F 0-1: Foul Ball, location: 2F 0-2: Ball 1-2: Ball 2-2: Fly out, F8 (Flyball, 89D, EV 91.3 MPH) Runner from 3rd tags up, SCORES, throw by CF Bryce Harper to third
|
Batting: RHB Andrelton Simmons
|
0-0: Foul Ball, location: 2F 0-1: Foul Ball, location: 2F 0-2: Ball 1-2: Strikes out looking
|
Top of the 4th over - 2 runs, 3 hits, 0 errors, 1 left on base; Texas 2 - Los Angeles 3 |
BOTTOM OF THE 4TH |
Los Angeles Angels batting - Pitching for Texas Rangers : LHP Jose Quintana
|
Batting: RHB Trevor Story
|
0-0: Ball 1-0: Ball 2-0: Fly out, F7 (Flyball, 7S, EV 81.3 MPH)
|
Batting: RHB Evan Longoria
|
0-0: Called Strike 0-1: Ball 1-1: Swinging Strike 1-2: Ball 2-2: Ball 3-2: Strikes out looking
|
Batting: LHB Joey Wendle
|
0-0: SINGLE (Groundball, 56D, EV 102.5 MPH)
|
Batting: RHB Zack Cozart
|
0-0: SINGLE (Line Drive, 8LS, EV 90.6 MPH) Joey Wendle to second
|
Batting: LHB Kevin Kiermaier
|
0-0: Reached on error, E3 (Groundball, 34, EV 89.4 MPH) Joey Wendle scores Zack Cozart to third
|
Batting: RHB Mike Zunino
|
0-0: Fly out, F9 (Flyball, 9D, EV 98.8 MPH)
|
Bottom of the 4th over - 1 run, 2 hits, 1 error, 2 left on base; Texas 2 - Los Angeles 4 |
TOP OF THE 5TH |
Texas Rangers batting - Pitching for Los Angeles Angels : RHP Kyle Hendricks
|
Batting: LHB Max Muncy
|
0-0: Called Strike 0-1: Ball 1-1: Ball 2-1: Swinging Strike 2-2: Foul Ball, location: 2F 2-2: Strikes out swinging
|
Batting: RHB Wilson Ramos
|
0-0: Fly out, F8 (Flyball, 8LXD, EV 92.5 MPH)
|
Batting: LHB Luis Guillorme
|
0-0: Ball 1-0: SINGLE (Flyball, 34D, EV 90.6 MPH)
|
Batting: LHB Ender Inciarte
|
0-0: Fielders Choice at 2nd, 6-4 (Groundball, 6, EV 78.1 MPH)
|
Top of the 5th over - 0 runs, 1 hit, 0 errors, 1 left on base; Texas 2 - Los Angeles 4 |
BOTTOM OF THE 5TH |
Los Angeles Angels batting - Pitching for Texas Rangers : LHP Jose Quintana
|
Batting: RHB Wil Myers
|
0-0: Called Strike 0-1: SINGLE (Groundball, 6D, EV 98.1 MPH)
|
Batting: LHB Nick Markakis
|
0-0: SINGLE (Groundball, 34D, EV 106.9 MPH) Wil Myers to second Runner from 2nd tries for 3rd, SAFE, throw by RF made to third
|
Batting: RHB Wilmer Flores
|
0-0: Swinging Strike 0-1: Hit by Pitch Nick Markakis to second
|
Batting: RHB Trevor Story
|
0-0: Swinging Strike 0-1: Ball 1-1: Called Strike 1-2: Strikes out swinging
|
Batting: RHB Evan Longoria
|
0-0: Called Strike 0-1: Ball 1-1: Foul Ball, location: 2F 1-2: SINGLE (Groundball, 56D, EV 110.0 MPH) Wil Myers scores Nick Markakis to third Wilmer Flores to second Runner from 3rd tries for Home, throw by LF and OUT! 7-2
|
Pitching: RHP Ryan Burr
|
|
Batting: LHB Joey Wendle
|
0-0: Ball 1-0: Ball 2-0: Foul Ball, location: 2F 2-1: Ball Wild Pitch! Wilmer Flores to third Evan Longoria to second 3-1: Base on Balls
|
Batting: RHB Zack Cozart
|
0-0: Ball 1-0: Foul Ball, location: 2F 1-1: DOUBLE (Line Drive, 7LM, EV 94.4 MPH) Wilmer Flores scores Evan Longoria scores Joey Wendle to third
|
Batting: LHB Kevin Kiermaier
|
0-0: Called Strike 0-1: Ball 1-1: Foul Ball, location: 2F 1-2: Ball 2-2: Ball 3-2: Ground out 3-1 (Groundball, 34, EV 84.4 MPH)
|
Bottom of the 5th over - 3 runs, 4 hits, 0 errors, 2 left on base; Texas 2 - Los Angeles 7 |
TOP OF THE 6TH |
Texas Rangers batting - Pitching for Los Angeles Angels : RHP Kyle Hendricks
|
Batting: SHB Cesar Hernandez
|
0-0: Ball 1-0: Called Strike 1-1: Ball 2-1: Ball 3-1: Foul Ball, location: 2F 3-2: Base on Balls
|
Batting: LHB Bryce Harper
|
0-0: Fly out, F8 (Flyball, 8RD, EV 79.4 MPH)
|
Batting: LHB Eric Thames
|
0-0: Called Strike 0-1: SINGLE (Groundball, 4D, EV 100.6 MPH) Cesar Hernandez to second
|
Batting: LHB Joc Pederson
|
0-0: Called Strike 0-1: Fly out, F8 (Line Drive, 8RD, EV 85.6 MPH)
|
Batting: RHB Andrelton Simmons
|
0-0: Ball 1-0: Fly out, F9 (Flyball, 89D, EV 98.8 MPH)
|
Top of the 6th over - 0 runs, 1 hit, 0 errors, 2 left on base; Texas 2 - Los Angeles 7 |
BOTTOM OF THE 6TH |
Los Angeles Angels batting - Pitching for Texas Rangers : RHP Ryan Burr
|
Batting: RHB Mike Zunino
|
0-0: Called Strike 0-1: Swinging Strike 0-2: Hit by Pitch
|
Batting: RHB Wil Myers
|
0-0: Called Strike 0-1: Foul Ball, location: 2F 0-2: Strikes out swinging
|
Batting: LHB Nick Markakis
|
0-0: Fielders Choice at 2nd, 4-6 (Groundball, 4, EV 82.5 MPH)
|
Batting: RHB Wilmer Flores
|
0-0: Ball 1-0: Ground out 1-3 (Groundball, 13, EV 80.0 MPH)
|
Bottom of the 6th over - 0 runs, 0 hits, 0 errors, 1 left on base; Texas 2 - Los Angeles 7 |
TOP OF THE 7TH |
Texas Rangers batting - Pitching for Los Angeles Angels : RHP Kyle Hendricks
|
Batting: LHB Max Muncy
|
0-0: Ball 1-0: Swinging Strike 1-1: Ball 2-1: Foul Ball, location: 2F 2-2: Strikes out looking
|
Batting: RHB Wilson Ramos
|
0-0: Called Strike 0-1: Ball 1-1: Ground out 6-3 (Groundball, 6, EV 97.5 MPH)
|
Batting: LHB Luis Guillorme
|
0-0: Called Strike 0-1: Ground out 6-3 (Groundball, 6D, EV 90.0 MPH)
|
Top of the 7th over - 0 runs, 0 hits, 0 errors, 0 left on base; Texas 2 - Los Angeles 7 |
BOTTOM OF THE 7TH |
Los Angeles Angels batting - Pitching for Texas Rangers : RHP Ryan Burr
|
Batting: RHB Trevor Story
|
0-0: Foul Ball, location: 2F 0-1: Ball 1-1: Ball 2-1: Ball 3-1: Base on Balls
|
Pitching: RHP Nick Goody
|
|
Batting: RHB Evan Longoria
|
0-0: Called Strike 0-1: Foul Ball, location: 2F 0-2: Strikes out swinging
|
Batting: LHB Joey Wendle
|
0-0: SINGLE (Groundball, 56D, EV 103.8 MPH) Trevor Story to second
|
Batting: RHB Zack Cozart
|
0-0: Ball 1-0: Foul Ball, location: 2F 1-1: Ball 2-1: Grounds into double play, 5-4-3 (Groundball, 56, EV 103.1 MPH)
|
Bottom of the 7th over - 0 runs, 1 hit, 0 errors, 1 left on base; Texas 2 - Los Angeles 7 |
TOP OF THE 8TH |
Texas Rangers batting - Pitching for Los Angeles Angels : RHP Kyle Hendricks
|
Pitching: RHP Sam Dyson
|
|
Batting: LHB Ender Inciarte
|
0-0: Ball 1-0: Ground out 4-3 (Groundball, 4, EV 101.9 MPH)
|
Batting: SHB Cesar Hernandez
|
0-0: Ball 1-0: Foul Ball, location: 2F 1-1: Swinging Strike 1-2: Strikes out swinging
|
Batting: LHB Bryce Harper
|
0-0: Ground out 4-3 (Groundball, 34, EV 99.4 MPH)
|
Top of the 8th over - 0 runs, 0 hits, 0 errors, 0 left on base; Texas 2 - Los Angeles 7 |
BOTTOM OF THE 8TH |
Los Angeles Angels batting - Pitching for Texas Rangers : RHP Nick Goody
|
Batting: LHB Kevin Kiermaier
|
0-0: Ball 1-0: Ball 2-0: Ball 3-0: Called Strike 3-1: Called Strike 3-2: Fly out, F5 (Popup, 25F, EV 82.5 MPH)
|
Batting: RHB Mike Zunino
|
0-0: Called Strike 0-1: Called Strike 0-2: Strikes out looking
|
Batting: RHB Wil Myers
|
0-0: Ball 1-0: Ball 2-0: SOLO HOME RUN (Line Drive, 78XD, EV 101.3 MPH), Distance : 399 ft
|
Batting: LHB Nick Markakis
|
0-0: Ball 1-0: Called Strike 1-1: Ball 2-1: Ball 3-1: Swinging Strike 3-2: Base on Balls
|
Batting: RHB Wilmer Flores
|
0-0: Called Strike 0-1: Foul Ball, location: 2F 0-2: Foul Ball, location: 2F 0-2: Fly out, F8 (Line Drive, 8RM, EV 106.3 MPH)
|
Bottom of the 8th over - 1 run, 1 hit, 0 errors, 1 left on base; Texas 2 - Los Angeles 8 |
TOP OF THE 9TH |
Texas Rangers batting - Pitching for Los Angeles Angels : RHP Sam Dyson
|
Batting: LHB Eric Thames
|
0-0: Called Strike 0-1: Foul Ball, location: 2F 0-2: Strikes out swinging
|
Batting: LHB Joc Pederson
|
0-0: Called Strike 0-1: Swinging Strike 0-2: Strikes out swinging
|
Batting: RHB Andrelton Simmons
|
0-0: Fly out, F7 (Flyball, 7LS, EV 92.5 MPH)
|
Top of the 9th over - 0 runs, 0 hits, 0 errors, 0 left on base; Texas 2 - Los Angeles 8 |
|